ESL (28 & UNDER)
RIO GRANDE RATTLESNAKE @ BUFFALO LIGHTSABRES
04/12/2029
 
TOP OF THE 1ST
Rio Grande Rattlesnake batting - Pitching for Buffalo LightSabres : RHP Joe Hopkins
Pitching: RHP Joe Hopkins
Batting: RHB Jaime Delgado 0-0: Called Strike
0-1: Ball
1-1: Ball
2-1: Foul Ball, location: 2F
2-2: SINGLE (Line Drive, 34)
Batting: RHB Iván De Jesús 0-0: Ball
1-0: Ball
2-0: Foul Ball, location: 2F
2-1: Foul Ball, location: 2F
2-2: Grounds into double play, 4-6-3 (Groundball, 4M)
Batting: SHB Carlos Reyes 0-0: Called Strike
0-1: Ball
1-1: Ball
2-1: Swinging Strike
2-2: Foul Ball, location: 2F
2-2: Foul Ball, location: 2F
2-2: Strikes out swinging
Top of the 1st over - 0 runs, 1 hit, 0 errors, 0 left on base; Rio Grande 0 - Buffalo 0
BOTTOM OF THE 1ST
Buffalo LightSabres batting - Pitching for Rio Grande Rattlesnake : RHP Chris Carpenter
Pitching: RHP Chris Carpenter
Batting: LHB Rob Davidson 0-0: Called Strike
0-1: Foul Ball, location: 2F
0-2: Ball
1-2: Foul Ball, location: 2F
1-2: Ball
2-2: Ground out U3 (Groundball, 3)
Batting: RHB Mike Wagner 0-0: TRIPLE (Flyball, 8LXD)
Batting: RHB Sean White 0-0: Called Strike
0-1: Foul Ball, location: 2F
0-2: Foul Ball, location: 2F
0-2: Ball
1-2: Strikes out swinging
Batting: LHB Garrett King 0-0: Called Strike
0-1: Ball
1-1: DOUBLE (Line Drive, 78D)
Mike Wagner scores
Batting: RHB Mario Solís 0-0: Called Strike
0-1: Ball
1-1: Foul Ball, location: 2F
1-2: Foul Ball, location: 2F
1-2: Fly out, F3 (Popup, 3SF)
Bottom of the 1st over - 1 run, 2 hits, 0 errors, 1 left on base; Rio Grande 0 - Buffalo 1
TOP OF THE 2ND
Rio Grande Rattlesnake batting - Pitching for Buffalo LightSabres : RHP Joe Hopkins
Batting: LHB Claudio Rodríguez 0-0: Swinging Strike
0-1: Ball
1-1: Ball
2-1: Ball
3-1: Swinging Strike
3-2: Fly out, F3 (Line Drive, 34)
Batting: RHB Gary Thomas 0-0: SINGLE (Line Drive, 89S)
Batting: SHB William Daly 0-0: Ball
1-0: Swinging Strike
1-1: Ball
2-1: Called Strike
2-2: Ball
3-2: Base on Balls
Gary Thomas to second
Batting: RHB Joe Courtier 0-0: Ball
1-0: Ball
2-0: Swinging Strike
2-1: Ground out 5-3 (Groundball, 56S)
Gary Thomas to third
William Daly to second
Batting: LHB José Garza 0-0: Ball
1-0: Swinging Strike
1-1: Called Strike
1-2: Ball
2-2: SINGLE (Line Drive, 7S)
Gary Thomas scores
William Daly to third
Throwing error, E7
William Daly scores
José Garza to second
Batting: SHB Jeremy Holmes 0-0: Ball
1-0: Fly out, F8 (Flyball, 78M)
Top of the 2nd over - 2 runs, 2 hits, 1 error, 1 left on base; Rio Grande 2 - Buffalo 1
BOTTOM OF THE 2ND
Buffalo LightSabres batting - Pitching for Rio Grande Rattlesnake : RHP Chris Carpenter
Batting: LHB Emílio Montoya 0-0: Ball
1-0: Ball
2-0: Ball
3-0: Foul Ball, location: 2F
3-1: SINGLE (Line Drive, 7S)
Batting: RHB Huub Stolk 0-0: Swinging Strike
0-1: Ball
1-1: Swinging Strike
1-2: Ball
2-2: Strikes out swinging
Batting: RHB Pedro Romero 0-0: Ball
1-0: Fly out, F8 (Flyball, 78D)
Batting: RHB Jorge Castillo 0-0: Ball
1-0: Called Strike
1-1: Ball
2-1: Foul Ball, location: 2F
2-2: Ground out 3-1 (Groundball, 34S)
Bottom of the 2nd over - 0 runs, 1 hit, 0 errors, 1 left on base; Rio Grande 2 - Buffalo 1
TOP OF THE 3RD
Rio Grande Rattlesnake batting - Pitching for Buffalo LightSabres : RHP Joe Hopkins
Batting: RHB Jaime Delgado 0-0: Ball
1-0: Ball
2-0: Ball
3-0: Called Strike
3-1: Ground out 4-3 (Groundball, 4)
Batting: RHB Iván De Jesús 0-0: Ball
1-0: Ground out 6-3 (Groundball, 6)
Batting: SHB Carlos Reyes 0-0: Ball
1-0: Called Strike
1-1: Ball
2-1: Ball
3-1: Base on Balls
Batting: LHB Claudio Rodríguez 0-0: Ball
1-0: Ball
2-0: Fly out, F8 (Flyball, 8LM)
Top of the 3rd over - 0 runs, 0 hits, 0 errors, 1 left on base; Rio Grande 2 - Buffalo 1
BOTTOM OF THE 3RD
Buffalo LightSabres batting - Pitching for Rio Grande Rattlesnake : RHP Chris Carpenter
Batting: LHB Rob Davidson 0-0: Ball
1-0: Fly out, F8 (Line Drive, 78D)
Batting: RHB Mike Wagner 0-0: Ball
1-0: Swinging Strike
1-1: Ball
2-1: Called Strike
2-2: Strikes out looking
Batting: RHB Sean White 0-0: Ball
1-0: Ball
2-0: Foul Ball, location: 2F
2-1: Foul Ball, location: 2F
2-2: Ball
3-2: Strikes out swinging
Bottom of the 3rd over - 0 runs, 0 hits, 0 errors, 0 left on base; Rio Grande 2 - Buffalo 1
TOP OF THE 4TH
Rio Grande Rattlesnake batting - Pitching for Buffalo LightSabres : RHP Joe Hopkins
Batting: RHB Gary Thomas 0-0: Ball
1-0: Called Strike
1-1: Swinging Strike
1-2: Ball
2-2: Foul Ball, location: 2F
2-2: Ball
3-2: Base on Balls
Batting: SHB William Daly 0-0: Grounds into double play, 4-6-3 (Groundball, 4D)
Batting: RHB Joe Courtier 0-0: Swinging Strike
0-1: Ball
1-1: Ground out 5-3 (Groundball, 56S)
Top of the 4th over - 0 runs, 0 hits, 0 errors, 0 left on base; Rio Grande 2 - Buffalo 1
BOTTOM OF THE 4TH
Buffalo LightSabres batting - Pitching for Rio Grande Rattlesnake : RHP Chris Carpenter
Batting: LHB Garrett King 0-0: Ball
1-0: Called Strike
1-1: Fly out, F8 (Flyball, 8LM)
Batting: RHB Mario Solís 0-0: Foul Ball, location: 2F
0-1: Ball
1-1: Ball
2-1: Foul Ball, location: 2F
2-2: Ball
3-2: SINGLE (Line Drive, 78S)
Batting: LHB Emílio Montoya 0-0: Foul Ball, location: 2F
0-1: Fielders Choice at 2nd, 5-4 (Groundball, 5)
Batting: RHB Huub Stolk Balk!
Emílio Montoya to second
0-0: Ball
1-0: Called Strike
1-1: SINGLE (Groundball, 6MD)
Emílio Montoya to third
Runner from 3rd tries for Home, SAFE, no throw
Batting: RHB Pedro Romero 0-0: Called Strike
0-1: Ball
1-1: Foul Ball, location: 2F
1-2: Strikes out swinging, 2-3 out at first.
Bottom of the 4th over - 1 run, 2 hits, 0 errors, 1 left on base; Rio Grande 2 - Buffalo 2
TOP OF THE 5TH
Rio Grande Rattlesnake batting - Pitching for Buffalo LightSabres : RHP Joe Hopkins
Batting: LHB José Garza 0-0: Ball
1-0: Called Strike
1-1: Ball
2-1: Ball
3-1: Foul Ball, location: 2F
3-2: Foul Ball, location: 2F
3-2: Base on Balls
Batting: SHB Jeremy Holmes 0-0: Called Strike
0-1: Swinging Strike
0-2: Strikes out swinging
Batting: RHB Jaime Delgado 0-0: Ball
1-0: Called Strike
1-1: Ball
Wild Pitch!
José Garza to second
2-1: Ground out 1-3 (Groundball, 15S)
Batting: RHB Iván De Jesús 0-0: Ball
1-0: SINGLE (Groundball, 6MS) (infield hit)
José Garza to third
Pinch Runner at 1st Gilberto Guzmán:
Batting: SHB Carlos Reyes 0-0: Ball
1-0: Ball
2-0: Fly out, F8 (Flyball, 8LM)
Top of the 5th over - 0 runs, 1 hit, 0 errors, 2 left on base; Rio Grande 2 - Buffalo 2
BOTTOM OF THE 5TH
Buffalo LightSabres batting - Pitching for Rio Grande Rattlesnake : RHP Chris Carpenter
Now at 2B: Gilberto Guzmán
Batting: RHB Jorge Castillo 0-0: Ball
1-0: Ball
2-0: Ground out 4-3 (Groundball, 4S)
Batting: LHB Rob Davidson 0-0: Foul Ball, location: 2F
0-1: Foul Ball, location: 2F
0-2: Ball
1-2: Ball
2-2: Ball
3-2: Foul Ball, location: 2F
3-2: Strikes out swinging
Batting: RHB Mike Wagner 0-0: Fly out, F7 (Flyball, 7LM)
Bottom of the 5th over - 0 runs, 0 hits, 0 errors, 0 left on base; Rio Grande 2 - Buffalo 2
TOP OF THE 6TH
Rio Grande Rattlesnake batting - Pitching for Buffalo LightSabres : RHP Joe Hopkins
Batting: LHB Claudio Rodríguez 0-0: Hit by Pitch
Batting: RHB Gary Thomas 0-0: Ball
1-0: Foul Ball, location: 2F
1-1: Fly out, F8 (Flyball, 8LD)
Batting: SHB William Daly 0-0: Ball
1-0: Called Strike
1-1: Swinging Strike
1-2: Strikes out swinging
Batting: RHB Joe Courtier 0-0: Ball
1-0: Ground out 4-3 (Groundball, 34)
Top of the 6th over - 0 runs, 0 hits, 0 errors, 1 left on base; Rio Grande 2 - Buffalo 2
BOTTOM OF THE 6TH
Buffalo LightSabres batting - Pitching for Rio Grande Rattlesnake : RHP Chris Carpenter
Batting: RHB Sean White 0-0: Foul Ball, location: 2F
0-1: Ball
1-1: Ball
2-1: Ball
3-1: Fly out, F5 (Flyball, 5D)
Batting: LHB Garrett King 0-0: Ball
1-0: Ball
2-0: Foul Ball, location: 2F
2-1: Foul Ball, location: 2F
2-2: Ground out 4-3 (Groundball, 34D)
Batting: RHB Mario Solís 0-0: Fly out, F8 (Flyball, 8LM)
Bottom of the 6th over - 0 runs, 0 hits, 0 errors, 0 left on base; Rio Grande 2 - Buffalo 2
TOP OF THE 7TH
Rio Grande Rattlesnake batting - Pitching for Buffalo LightSabres : RHP Joe Hopkins
Pitching: RHP Pat Jackson
Batting: LHB José Garza 0-0: Foul Ball, location: 2F
0-1: Swinging Strike
0-2: Ball
1-2: Strikes out swinging
Pinch Hitting: RHB David Suarze 0-0: Ball
1-0: SOLO HOME RUN (Flyball, 7D), Distance : 385 ft
Batting: RHB Jaime Delgado 0-0: Ground out U3 (Groundball, 34)
Batting: RHB Gilberto Guzmán 0-0: Foul Ball, location: 2F
0-1: Swinging Strike
0-2: Strikes out swinging
Top of the 7th over - 1 run, 1 hit, 0 errors, 0 left on base; Rio Grande 3 - Buffalo 2
BOTTOM OF THE 7TH
Buffalo LightSabres batting - Pitching for Rio Grande Rattlesnake : RHP Chris Carpenter
Pitching: RHP Nelson Britt
Now at SS: David Suarze
Batting: LHB Emílio Montoya 0-0: Ground out 6-3 (Groundball, 6)
Batting: RHB Huub Stolk 0-0: Ball
1-0: Ball
2-0: Ball
3-0: Base on Balls
Pinch Runner at 1st Larry Wright:
Pinch Hitting: RHB Donato Gozende 0-0: Ball
1-0: Called Strike
1-1: Ball
2-1: Called Strike
2-2: Strikes out looking
Larry Wright steals 2nd base
Batter strikes out.
Batting: RHB Jorge Castillo 0-0: Swinging Strike
0-1: Ball
1-1: Fly out, F7 (Flyball, 7)
Bottom of the 7th over - 0 runs, 0 hits, 0 errors, 1 left on base; Rio Grande 3 - Buffalo 2
TOP OF THE 8TH
Rio Grande Rattlesnake batting - Pitching for Buffalo LightSabres : RHP Pat Jackson
Now at 3B: Matt Ruskin
Now at SS: Xavier Chávez
Batting: SHB Carlos Reyes 0-0: Ground out 6-3 (Groundball, 6)
Batting: LHB Claudio Rodríguez 0-0: Called Strike
0-1: Ball
1-1: Swinging Strike
1-2: Ball
2-2: Foul Ball, location: 2F
2-2: Foul Ball, location: 2F
2-2: Ground out 4-3 (Groundball, 4)
Batting: RHB Gary Thomas 0-0: Called Strike
0-1: Foul Ball, location: 2F
0-2: Ball
1-2: Strikes out swinging
Top of the 8th over - 0 runs, 0 hits, 0 errors, 0 left on base; Rio Grande 3 - Buffalo 2
BOTTOM OF THE 8TH
Buffalo LightSabres batting - Pitching for Rio Grande Rattlesnake : RHP Nelson Britt
Now at C: Cristián Román
Batting: LHB Rob Davidson 0-0: Ball
1-0: Ball
2-0: Called Strike
2-1: Fly out, F7 (Flyball, 7LD)
Batting: RHB Mike Wagner 0-0: Ball
1-0: Ball
2-0: Foul Ball, location: 2F
2-1: Ground out 5-3 (Groundball, 56S)
Batting: RHB Sean White 0-0: Ball
1-0: Called Strike
1-1: Ball
2-1: Swinging Strike
2-2: Ball
3-2: Base on Balls
Pitching: RHP Adrián Mora
Batting: LHB Garrett King 0-0: Called Strike
0-1: Fielders Choice at 2nd, 6-4 (Groundball, 6)
Bottom of the 8th over - 0 runs, 0 hits, 0 errors, 1 left on base; Rio Grande 3 - Buffalo 2
TOP OF THE 9TH
Rio Grande Rattlesnake batting - Pitching for Buffalo LightSabres : RHP Pat Jackson
Pitching: RHP Alfredo Cabral
Batting: SHB William Daly 0-0: Ball
1-0: Called Strike
1-1: Foul Ball, location: 2F
1-2: Foul Ball, location: 2F
1-2: Foul Ball, location: 2F
1-2: Strikes out swinging
Batting: RHB Joe Courtier 0-0: Ball
1-0: DOUBLE (Flyball, 89D)
Batting: LHB José Garza 0-0: Ball
1-0: Called Strike
1-1: Foul Ball, location: 2F
1-2: Foul Ball, location: 2F
1-2: Strikes out swinging
Batting: RHB David Suarze 0-0: Foul Ball, location: 2F
0-1: Ball
1-1: Foul Ball, location: 2F
1-2: TRIPLE (Flyball, 8LXD)
Joe Courtier scores
Batting: RHB Jaime Delgado 0-0: Ball
1-0: Ball
2-0: Ball
3-0: Called Strike
3-1: Called Strike
3-2: 2-RUN HOME RUN (Flyball, 7D), Distance : 381 ft
Batting: RHB Gilberto Guzmán 0-0: Ground out U3 (Groundball, 34S)
Top of the 9th over - 3 runs, 3 hits, 0 errors, 0 left on base; Rio Grande 6 - Buffalo 2
BOTTOM OF THE 9TH
Buffalo LightSabres batting - Pitching for Rio Grande Rattlesnake : RHP Adrián Mora
Batting: RHB Mario Solís 0-0: Called Strike
0-1: Fly out, F6 (Line Drive, 6MD)
Batting: LHB Emílio Montoya 0-0: Called Strike
0-1: Ball
1-1: Ground out 6-3 (Groundball, 6D)
Batting: LHB Matt Ruskin 0-0: Foul Ball, location: 2F
0-1: Ball
1-1: Swinging Strike
1-2: Strikes out looking
Bottom of the 9th over - 0 runs, 0 hits, 0 errors, 0 left on base; Rio Grande 6 - Buffalo 2
Saturday, December 16th, 2017 - OOTP Baseball 18.8 Build 76